 Dungeon Crawl Stone Soup version 0.30.0-10-gfe55d96785 (webtiles) character file.

Game seed: 10863072192867664470

297 qeuew the Cudgeller (level 6, -3/48 HPs)
             Began as a Demonspawn Monk on May 15, 2023.
             Engulfed by a steam dragon's steam (5 damage)
             ... on level 6 of the Dungeon.
             The game lasted 00:02:53 (2016 turns).

qeuew the Cudgeller (Demonspawn Monk)               Turns: 2016, Time: 00:02:53

Health: -3/48      AC:  2    Str: 13    XL:     6   Next: 12%
Magic:  6/6        EV: 15    Int: 11    God:
Gold:   267        SH:  0    Dex: 16    Spells: 5/5 levels left

rFire   . . .        h - +2 mace (heavy)
rCold   . . .        d - orb {light}
rNeg    . . .        b - +0 robe
rPois   .            (no helmet)
rElec   .            (no cloak)
rCorr   .            (no gloves)
SInv    .            (no boots)
Will    .....        n - amulet of the acrobat
Stlth   +            (no ring)
HPRegen 0.28/turn    (no ring)
MPRegen 0.10/turn

%: acrobat
@: on berserk cooldown, glowing
A: repulsion field 1, foul stench 1, powered by death 1
a: no special abilities


You were on level 6 of the Dungeon.
You visited 1 branch of the dungeon, and saw 4 of its levels.

You collected 267 gold pieces.

Inventory:

Hand Weapons
 h - a +2 heavy mace (weapon)
Armour
 b - a +0 robe (worn)
 d - an orb of light (worn)
Jewellery
 n - an amulet of the acrobat (around neck)
Wands
 m - a wand of mindburst (17)
Scrolls
 f - a scroll of enchant armour
Potions
 e - a potion of mutation {unknown}
 g - a potion of resistance
 i - a potion of haste {unknown}
 k - a potion of flight


   Skills:
 + Level 3.9 Fighting
 * Level 4.3 Maces & Flails
 + Level 2.0 Armour
 + Level 3.5 Dodging
 + Level 1.7 Evocations


You had 5 spell levels left.
You didn't know any spells.
Your spell library contained the following spells:

 Spells                   Type           Power      Damage    Failure   Level
 Gell's Gravitas          Tloc           0%         N/A       71%         3
 Teleport Other           Tloc           0%         N/A       71%         3
 Dispersal                Tloc           0%         N/A       100%        6


Dungeon Overview and Level Annotations

Branches:
Dungeon (3/15)

Altars:


Innate Abilities, Weirdness & Mutations

You are surrounded by a mild repulsion field. (EV +2)
You may rarely emit foul miasma when damaged in melee.
You regenerate a little health from kills.


Message History

The ball of steam hits you!
Unknown command.
You barely miss the steam dragon.
You are engulfed in a cloud of scalding steam.
You feel yourself speed up.
The steam dragon closely misses you. x2; The steam dragon bites you.
The steam dragon claws you. The steam dragon barely misses you.
The steam dragon claws you.
Unknown command.
You bump into the rock wall.
You feel less invigorated.
You feel less confused. The steam dragon breathes steam at you.
The ball of steam hits you!!
Ouch! That really hurt!
* * * LOW HITPOINT WARNING * * *
You hear a shout!
Unknown command.
Okay, then.
Unknown command.
It was a potion of heal wounds.
You feel much better.
You are engulfed in a cloud of scalding steam.
* * * LOW HITPOINT WARNING * * *
The steam dragon bites you!
* * * LOW HITPOINT WARNING * * *
The steam dragon closely misses you.
Unknown command.
Okay, then.
You feel better.
You are engulfed in a cloud of scalding steam.
* * * LOW HITPOINT WARNING * * *
The steam dragon closely misses you. The steam dragon misses you.
Unknown command.
Press: ? - help, v - describe, . - travel, g - get item
Here: a steam dragon (catching its breath, haloed)
Items here: ))) [ †.
The floor, spattered with blood.
Okay, then.
You hit the steam dragon but do no damage.
You are engulfed in a cloud of scalding steam.
You die...

..##
#.#.....####..
...
#.#.#†.###....
#..
##...#.#....###
#..##........####
###..§#..#..##.#
#...#.#..#..#..#
#.§...#..#.##
#.###.#.... #@#
#.#...# #D#
.....##


.oo .....# #.....#... ..###. ...# .#. ...... ... .. . .. .. You could see a
steam dragon (catching breath) and 2 orcs.

Vanquished Creatures
  An orc warrior (D:6)
  A hound (D:6)
  An orc priest (D:3)
  An iguana (D:6)
  An orc wizard (D:6)
  4 adders
  A shadow imp (D:6)
  A worm (D:2)
  2 dart slugs
  6 orcs
  5 bats
  5 endoplasms
  3 goblins
  2 hobgoblins
  2 jackals (D:1)
  3 kobolds
  3 quokkas
  4 ball pythons
  2 rats
48 creatures vanquished.

Notes
Turn   | Place    | Note
-------+----------+-------------------------------------------
     0 | D:1      | qeuew the Demonspawn Monk began the quest for the Orb.
     0 | D:1      | Reached XP level 1. HP: 18/18 MP: 1/1
    88 | D:1      | Gained mutation: You are surrounded by a mild repulsion
                  | field. (EV +2) [demonic ancestry]
    88 | D:1      | Reached XP level 2. HP: 23/24 MP: 2/2
   115 | D:1      | Reached skill level 3 in Maces & Flails
   655 | D:2      | Gained mutation: You may rarely emit foul miasma when
                  | damaged in melee. [demonic ancestry]
   655 | D:2      | Reached XP level 3. HP: 25/29 MP: 3/3
   699 | D:2      | Reached skill level 1 in Armour
  1441 | D:3      | Gained mutation: You regenerate a little health from kills.
                  | [demonic ancestry]
  1441 | D:3      | Reached XP level 4. HP: 11/35 MP: 4/4
  1927 | D:3      | You fall into a shaft and drop 3 floors!
  1971 | D:6      | Reached skill level 1 in Evocations
  1987 | D:6      | Noticed an orc warrior
  1990 | D:6      | Noticed a steam dragon
  1997 | D:6      | Killed an orc warrior
  1998 | D:6      | Reached skill level 4 in Maces & Flails
  1998 | D:6      | Reached XP level 5. HP: 42/42 MP: 5/5
  2006 | D:6      | Reached XP level 6. HP: 26/48 MP: 6/6
  2015 | D:6      | HP: 1/48 [steam dragon] (11)]
  2016 | D:6      | Engulfed by a steam dragon's steam

Illustrated notes

Levels and vault maps discovered:
D:1:      tekkud_arrival_beachfront_property, layout_rooms, minivault_4,
          corexii_leaking_fountain
D:2:      minmay_chambers_of_twos, layout_basic, chequers_serial_rivers_small_3,
          grunt_decor_one_mirror
D:3:      layout_basic, chequers_serial_rivers_micro_b
D:6:      layout_rooms

Skill      XL: |  1  2  3  4  5 |
---------------+----------------+-----
Maces & Flails | 3 4 |  4.3
Armour         | 1 2 |  2.0
Dodging        | 3 |  3.5
Evocations     | 1 |  1.7
Fighting       | |  3.9

Action                     |  1- 3 |  4- 6 || total
---------------------------+-------+-------++-------
  Melee: Mace              |    66 |    24 ||    90
    Use: Scroll            |     8 |       ||     8
         Potion            |     2 |     4 ||     6
 Armour: Robe              |     8 |     1 ||     9
  Dodge: Dodged            |    65 |    31 ||    96
